 Dungeon Crawl Stone Soup version 0.26-a0-597-gb535b0901c (webtiles) character file.

Game seed: 9815469233502917186

9 Alarkh the Skirmisher (level 2, 23/24 HPs)
             Began as a Demonspawn Monk on Sept 2, 2020.
             Got out of the dungeon alive.
             The game lasted 00:00:24 (716 turns).

Alarkh the Skirmisher (Demonspawn Monk)              Turns: 716, Time: 00:00:25

Health: 23/24      AC:  2    Str: 11    XL:     2   Next: 6%
Magic:  2/2        EV: 13    Int: 11    God:
Gold:   49         SH:  0    Dex: 15    Spells: 1/1 levels left

rFire    . . .     SeeInvis .     - Unarmed
rCold    . . .     Faith    .   (no shield)
rNeg     . . .     Spirit   .   a - +0 robe
rPois    .         Reflect  .   (no helmet)
rElec    .         Harm     .   (no cloak)
rCorr    .                      (no gloves)
MR       .....                  (no boots)
Stlth    ++........             (no amulet)
HPRegen  0.08/turn              (no ring)
MPRegen  0.08/turn              (no ring)

@: no status effects
A: rot immunity
a: no special abilities


You escaped.
You visited 1 branch of the dungeon, and saw 1 of its levels.

You collected 49 gold pieces.

Inventory:

Armour
 a - a +0 robe (worn)
Scrolls
 c - a scroll of magic mapping {unknown}
 e - a scroll of identify {unknown}
Potions
 b - a potion of might {unknown}
 d - a potion of heal wounds {unknown}
 f - a potion of degeneration {unknown}


   Skills:
 + Level 3.2 Fighting
 - Level 2.6 Dodging
 - Level 1.7 Stealth
 * Level 3.1 Unarmed Combat


You had one spell level left.
You didn't know any spells.
Your spell library was empty.

Dungeon Overview and Level Annotations

Branches:
Dungeon (1/15)

Altars:
Nemelex Xobeh


Innate Abilities, Weirdness & Mutations

You are immune to rotting.


Message History

The kobold hits you with a +0 short sword.
You closely miss the kobold. The kobold misses you.
You barely miss the kobold. The kobold barely misses you.
You hit the kobold.
You kill the kobold!
No target in view!
No target in view!
No target in view!
No target in view!
No target in view!
No target in view!
No target in view!
You now have 49 gold pieces (gained 9).
You see here a +0 short sword.
You open the door.
There is an open door here.
There is an open door here.
There is a staircase leading out of the dungeon here.
Are you sure you want to leave the Dungeon?
This will make you lose the game!
You have escaped!

#.........# #####
#.........#####...#
#####.............#
#.♣♣♣♣♣♣♣♣♣...# #####
#.♣PP..PP..♣..#
##.(.######.♣PP..P...♣..######
#.........#.♣..PP...P♣.......#
#.......#.#.♣..P...PP♣.......#
#.....#.#.#.♣PP.@.P..♣.###...#
##...##.#.#.♣P...PP..♣.# ##.##
##....#....♣...P..PP♣.# #.#
#.###.#.#.♣..PP..PP♣.# #.# #.#
#.#.#..♣♣♣♣♣♣♣♣♣.# #.#
#.###.#.#...[).......# #.#
#.......##.....####.#####.#
####.##.###.......###.##.##.#
........##.........##.....#.##


There were no monsters in sight!

Vanquished Creatures
  3 bats (D:1)
  A giant cockroach (D:1)
  A hobgoblin (D:1)
  3 kobolds (D:1)
  A rat (D:1)
9 creatures vanquished.

Notes
Turn   | Place    | Note
-------+----------+-------------------------------------------
     0 | D:1      | Alarkh the Demonspawn Monk began the quest for the Orb.
     0 | D:1      | Reached XP level 1. HP: 18/18 MP: 1/1
   164 | D:1      | Found a sparkling altar of Nemelex Xobeh.
   646 | D:1      | Gained mutation: You are immune to rotting. [demonic
                  | ancestry]
   646 | D:1      | Reached XP level 2. HP: 21/24 MP: 2/2
   716 | D:$      | Got out of the dungeon alive.

Illustrated notes

Levels and vault maps discovered:
D:1:      scummos_arrival_checkerplants, layout_loops_corners,
          chequers_serial_rivers_small_b, nemelex_diamond_rough_becter

Skill      XL: |  1 |
---------------+----+-----
Unarmed Combat | 3 |  3.1
Fighting       | |  3.2
Dodging        | |  2.6
Stealth        | |  1.7

Action                   || total
-------------------------++-------
Melee: Unarmed           ||    32
 Stab: Sleeping          ||     5
Armor: Robe              ||    14
Dodge: Dodged            ||    23

Table legend: (Time is in decaauts)
 A = Elapsed time spent in this place.
 B = Non-inter-level travel time spent in this place.
 C = Inter-level travel time spent in this place.
 D = Time resting spent in this place.
 E = Time spent auto-exploring this place.
 F = Levels seen in this place.
 G = Mean time per level.
                   A        B        C        D        E       F      G
               +--------+--------+--------+--------+--------+-----+--------+
         Total |    716 |    651 |     65 |      0 |    573 |   1 |  716.0 |
       Dungeon |    716 |    651 |     65 |      0 |    573 |   1 |  716.0 |
               +--------+--------+--------+--------+--------+-----+--------+

Top non-repeatable levels by time:
     D:1: 716 daAuts
